 Dungeon Crawl Stone Soup version 0.25.1-2-g60ff931df9 (webtiles) character file.

Game seed: 6893052121046167623

174 Divind the Ruffian (level 5, 0/42 HPs)
             Began as a Demonspawn Chaos Knight on Nov 7, 2020.
             Was a Plaything of Xom.
             Slain by a water moccasin (3 damage)
             ... summoned by Xom
             ... on level 2 of the Dungeon.
             The game lasted 00:07:04 (1743 turns).

Divind the Ruffian (Demonspawn Chaos Knight)        Turns: 1743, Time: 00:07:06

Health: 0/42       AC:  8    Str: 16    XL:     5   Next: 28%
Magic:  5/5        EV: 12    Int: 13    God:    Xom [*.....]
Gold:   134        SH:  0    Dex: 12    Spells: 4/4 levels left

rFire    . . .     SeeInvis .     - Unarmed
rCold    + . .     Gourm    .   (no shield)
rNeg     . . .     Faith    .   a - +2 leather armour
rPois    +         Spirit   .   (no helmet)
rElec    .         Reflect  .   h - +2 cloak
rCorr    +         Harm     .   p - +0 pair of gloves (curse)
MR       .....                  (no boots)
Stlth    +.........             d - amulet of regeneration
HPRegen  0.54/turn              o - ring of resist corrosion
MPRegen  0.09/turn              (no ring)

@: lethally poisoned (0 -> -9)
A: claws 1, cold resistance 1, deformed body, poison resistance, powered by
death 1, strong 1, MP-powered wands
a: Renounce Religion


You were on level 2 of the Dungeon.
You worshipped Xom.
You were a special plaything of Xom.
You were not hungry.

You visited 1 branch of the dungeon, and saw 2 of its levels.

You collected 134 gold pieces.

Inventory:

Armour
 a - a +2 leather armour (worn)
 h - a +2 cloak (worn)
 p - a cursed +0 pair of gloves (worn)
Jewellery
 d - an amulet of regeneration (around neck)
 o - a ring of resist corrosion (left hand)
Scrolls
 c - 2 scrolls of remove curse {unknown}
 j - a scroll of random uselessness {unknown}
 k - a scroll of enchant weapon {unknown}
Potions
 e - a potion of brilliance
 f - a potion of curing
 l - 2 potions of stabbing
 m - a potion of degeneration {unknown}
Comestibles
 b - 7 rations
 n - 2 chunks of flesh


   Skills:
 + Level 3.7 Fighting
 + Level 2.5 Armour
 + Level 1.9 Dodging
 + Level 4.3 Unarmed Combat


You had 4 spell levels left.
You didn't know any spells.
Your spell library was empty.

Dungeon Overview and Level Annotations

Branches:
Dungeon (2/15)

Altars:


Innate Abilities, Weirdness & Mutations

You have sharp fingernails.
Your flesh is cold resistant. (rC+)
You regenerate a little health from kills.
Armour fits poorly on your strangely shaped body.
Your system is resistant to poisons. (rPois)
Your muscles are strong. (Str +2)
You expend magic power (3 MP) to strengthen your wands.


Message History

You barely miss the water moccasin.
The water moccasin is moderately wounded.
The water moccasin barely misses you.
You closely miss the water moccasin.
The water moccasin is moderately wounded.
You feel sick. The water moccasin closely misses you.
You barely miss the water moccasin.
The water moccasin is moderately wounded.
The water moccasin bites you.
* * * LOW HITPOINT WARNING * * *
You are lethally poisoned!
The water moccasin poisons you! The water moccasin closely misses you.
You hit the water moccasin.
The water moccasin is moderately wounded.
* * * LOW HITPOINT WARNING * * *
You feel sick.
You are now a special plaything of Xom.
The water moccasin bites you.
You die... "What!?
That's it?"

..# ##......<##..# #.# #..#
##..###.....# #.# ...#
#..........##### #.# ...#
#.####.........## #.# #..#
.####...........## ##.## ..##
.# #.............###...## ... #
###............##.....### ..
........S....#........... ..
###.##.@########........ ##
#.##..# ##....... #.#...#####
##.#.... #.#.#.....# ###....
######.........# #†...
#♣♣♣♣P##.........##..# #.###
♣≈≈≈≈≈♣#.####.##.##..########.#
# ♣≈≈≈≈♣≈♣P#
#.##.##...........###
≈≈♣≈≈≈P♣P#
#....##.#########....


You could see a water moccasin (summoned).

Vanquished Creatures
  An orc wizard (D:2)
  Natasha (twice) (D:2)
  3 adders (D:2)
  A worm (D:2)
  A dart slug (D:1)
  2 orcs (D:2)
  2 giant cockroaches (D:1)
  4 goblins
  2 hobgoblins
  9 jackals
  6 kobolds (D:2)
  A quokka (D:2)
  A ball python (D:2)
  3 bats
  5 frilled lizards
  A rat (D:1)
44 creatures vanquished.

Vanquished Creatures (collateral kills)
  An iguana (D:2)
  A ball python (D:2)
  A hobgoblin (D:2)
  5 jackals (D:2)
  2 bats (D:2)
  A rat (D:2)
11 creatures vanquished.

Grand Total: 55 creatures vanquished

Notes
Turn   | Place    | Note
-------+----------+-------------------------------------------
     0 | D:1      | Divind the Demonspawn Chaos Knight began the quest for the
                  | Orb.
     0 | D:1      | Reached XP level 1. HP: 18/18 MP: 1/1
    98 | D:1      | Gained mutation: You regenerate a little health from kills.
                  | [demonic ancestry]
    98 | D:1      | Reached XP level 2. HP: 24/24 MP: 2/2
   366 | D:1      | Reached skill level 3 in Unarmed Combat
   461 | D:1      | XOM: divination: detect creatures
   613 | D:1      | XOM: noise
   618 | D:1      | XOM: divination: detect creatures
   783 | D:2      | XOM: silly message
   790 | D:2      | Reached skill level 1 in Dodging
   790 | D:2      | Gained mutation: Your flesh is cold resistant. (rC+)
                  | [demonic ancestry]
   790 | D:2      | Reached XP level 3. HP: 28/29 MP: 3/3
   866 | D:2      | XOM: summons friendly iron imp
   901 | D:2      | Reached XP level 4. HP: 17/36 MP: 4/4
  1053 | D:2      | XOM: god gift: ration
  1057 | D:2      | Reached skill level 4 in Unarmed Combat
  1095 | D:2      | XOM is BORED!
  1095 | D:2      | XOM: 4-stop teleportation journey
  1170 | D:2      | XOM: summons 2 hostile demons
  1570 | D:2      | Noticed Natasha
  1592 | D:2      | XOM: stat loss: -1 Str (13/14)
  1593 | D:2      | Killed Natasha
  1593 | D:2      | Gained mutation: You have sharp fingernails. [demonic
                  | ancestry]
  1593 | D:2      | Reached XP level 5. HP: 38/42 MP: 5/5
  1661 | D:2      | Gained mutation: Your system is resistant to poisons.
                  | (rPois) [potion of mutation]
  1661 | D:2      | Gained mutation: Armour fits poorly on your strangely
                  | shaped body. [potion of mutation]
  1661 | D:2      | Gained mutation: Your muscles are strong. (Str +2) [potion
                  | of mutation]
  1661 | D:2      | Gained mutation: You expend magic power (3 MP) to
                  | strengthen your wands. [potion of mutation]
  1688 | D:2      | Noticed Natasha
  1691 | D:2      | XOM: repel stairs
  1707 | D:2      | Killed Natasha
  1715 | D:2      | XOM: summons 3 hostile shadow creatures
  1716 | D:2      | Noticed a water moccasin
  1743 | D:2      | Slain by a water moccasin

Illustrated notes

Levels and vault maps discovered:
D:1:      matt_arrival_grand_opening, layout_basic
D:2:      layout_loops_ring, first_ration, minmay_misc_feat_plants,
          serial_bayou_lake_a, uniq_natasha

Skill      XL: |  1  2  3  4 |
---------------+-------------+-----
Armour         | 2 |  2.5
Unarmed Combat | 3 4 |  4.3
Dodging        | 1 |  1.9
Fighting       | |  3.7

Action                   |  1- 3 |  4- 6 || total
-------------------------+-------+-------++-------
Melee: Unarmed           |   130 |   184 ||   314
       Punch             |     1 |     1 ||     2
  Use: Scroll            |       |     4 ||     4
       Potion            |       |     1 ||     1
  Eat: Chunk             |       |     3 ||     3
Armor: Leather armour    |    59 |    78 ||   137
Dodge: Dodged            |    63 |   130 ||   193
